 Dungeon Sprint DCSS version 0.16-a0-4078-g0e80503 (console) character file.

5700000 Monkaria the Axe Maniac (level 21, -9/223 (224) HPs)
             Began as a Ghoul Gladiator on Feb 22, 2015.
             Was the Champion of Makhleb.
             Mangled by a meat berserker
             ... wielding a +9 battleaxe
              (23 damage)
             ... while paralysed
             ... in the Dungeon (Sprint VIII: "Arena of Blood").
             The game lasted 00:02:38 (57 turns).

Monkaria the Axe Maniac (Ghoul Gladiator)             Turns: 57, Time: 00:02:39

HP:   -9/223 (224)  AC:  8    Str: 23      XL:     21   Next: 74%
MP:   18/46         EV:  2    Int:  0 (3)  God:    Makhleb [******]
Gold: 0             SH:  0    Dex: 15      Spells: 0 memorised, 74 levels left

rFire  . . .     SeeInvis .     i - +∞ Axe of Woe
rCold  + . .     Clarity  .     b - +0 leather armour
rNeg   + + +     SustAb   .     (no shield)
rPois  ∞         Gourm    .     c - +0 helmet
rElec  .         Spirit   .     (no cloak)
rCorr  .         Warding  .     (no gloves)
rMut   .         NoTele   +     (no boots)
MR     +....                    (no amulet)
Stlth  ++++++++..               l - +200 ring of slaying
                                a - +30 ring of slaying

@: paralysed, rotting, lost intelligence, somewhat resistant to hostile
enchantments, extraordinarily stealthy
A: rotting body, claws 1, carnivore 3, cold resistance 1, negative energy
resistance 3, poison resistance, slow healing 1, torment resistance, unbreathing
a: Minor Destruction, Lesser Servant of Makhleb, Major Destruction, Greater
Servant of Makhleb, Renounce Religion


You were in the Dungeon.
You worshipped Makhleb.
Makhleb was exalted by your worship.
You were not hungry.

You visited 1 branch

Inventory:

Hand weapons
 i - the +∞ Axe of Woe (weapon)
   (You found it in the Dungeon)
Missiles
 d - 3 throwing nets (quivered)
Armour
 b - a +0 leather armour (worn)
 c - a +0 helmet (worn)
Jewellery
 a - a +30 ring of slaying (left claw)
 k - a +30 ring of slaying
 l - a +200 ring of slaying (right claw)
 m - a +200 ring of slaying
Scrolls
 j - a scroll of blinking
Potions
 e - a potion of curing
 f - a potion of heal wounds
 g - a potion of haste
 h - 2 potions of magic


   Skills:
 O Level 27 Fighting
 O Level 27 Axes
 - Level 16.1 Throwing
 O Level 27 Armour
 O Level 27 Dodging
 + Level 21.1 Stealth
 O Level 27 Spellcasting
 O Level 27 Invocations


You had 74 spell levels left.
You didn't know any spells.

Dungeon Overview and Level Annotations

Branches:
Dungeon (1/1)

Altars:
Makhleb


Innate Abilities, Weirdness & Mutations

Your body is rotting away.
You thrive on raw meat.
You have sharp fingernails.
You are carnivorous and can eat meat at any time.
Your flesh is cold resistant.
You are immune to negative energy.
Your system is resistant to poisons.
You heal slowly when monsters are visible.
You are immune to unholy pain and torment.
You can survive without breathing.


Message History

The meat berserker hits you with a +9 battleaxe!!
The destroyer hits you with a +9 great sword of slicing!!!!
* * * LOW HITPOINT WARNING * * *
x2 The destroyer bites you.
* * * LOW HITPOINT WARNING * * *
The small abomination hits you!
* * * LOW HITPOINT WARNING * * *
You hear a shout!
The bag of meat hits you with a +9 war axe!!
* * * LOW HITPOINT WARNING * * *
You hear a shout! x7
A bag of meat comes into view. It is wielding a +9 war axe.
The bag of meat shouts! x2
A destroyer comes into view.
It is wielding a +9 great sword of slicing.
The destroyer shouts!
An accursed comes into view.
You hear a shout! x6
A crawling corpse merges with a small abomination to form a large abomination.
The meat berserker hits you with a +9 battleaxe!!
You die...

.......... #.......#
#.....V.# ..
..###.......###....
.......###)).......
#........_.)).......
......#o..))#.......
..... #_OX)_#......
.......#O@V))#......
#.o.....o_.........
...V....)###.......
...###.o. ...###..
.. #.......#
#.......# .........
M........ ........


You could see an accursed (wandering), 2 destroyers, a large abomination, 2 meat
berserkers and 4 bags of meat.

Vanquished Creatures
  A greater mummy (D)
  2 hill giants (D)
  A hydra (D)
  7 ogres (D)
  21 orcs (D)
  2 skeletal warriors (D)
  5 vampire knights (D)
  2 large abominations (D)
  A small abomination (D)
  6 crawling corpses (D)
48 creatures vanquished.

Notes
Turn   | Place    | Note
--------------------------------------------------------------
     0 | D        | Monkaria, the Ghoul Gladiator, began the quest for the Orb.
     0 | D        | Reached XP level 1. HP: 17/17 MP: 1/1
     3 | D        | Noticed a bag of meat
     3 | D        | Noticed a bag of meat
     4 | D        | Noticed a bag of meat
     4 | D        | Became a worshipper of Makhleb the Destroyer
     5 | D        | Noticed a bag of meat
     6 | D        | Noticed a bag of meat
     7 | D        | Noticed a bag of meat
     8 | D        | Noticed a bag of meat
     9 | D        | Noticed a bag of meat
     9 | D        | Killed a bag of meat
     9 | D        | Reached skill level 10 in Fighting
     9 | D        | Reached skill level 16 in Axes
     9 | D        | Reached skill level 15 in Dodging
     9 | D        | Reached XP level 2. HP: 20/38 MP: 2/2
     9 | D        | Reached XP level 3. HP: 23/45 MP: 3/3
     9 | D        | Reached XP level 4. HP: 26/52 MP: 3/3
     9 | D        | Reached XP level 5. HP: 29/58 MP: 4/4
     9 | D        | Reached XP level 6. HP: 33/66 MP: 5/5
     9 | D        | Reached XP level 7. HP: 36/72 MP: 5/5
     9 | D        | Reached XP level 8. HP: 40/80 MP: 6/6
     9 | D        | Reached XP level 9. HP: 42/85 MP: 7/7
     9 | D        | Reached XP level 10. HP: 45/93 MP: 7/7
     9 | D        | Reached XP level 11. HP: 48/100 MP: 8/8
     9 | D        | Killed a bag of meat
     9 | D        | Acquired Makhleb's first power
     9 | D        | Reached skill level 18 in Axes
     9 | D        | Reached skill level 10 in Throwing
     9 | D        | Reached XP level 12. HP: 51/111 MP: 9/9
    10 | D        | Noticed a bag of meat
    10 | D        | Noticed a meat berserker
    11 | D        | Noticed a bag of meat
    11 | D        | Noticed a bag of meat
    11 | D        | Noticed a large bag of meat
    11 | D        | Killed a bag of meat
    11 | D        | Reached skill level 19 in Axes
    11 | D        | Reached XP level 13. HP: 54/121 MP: 9/9
    12 | D        | Noticed a bag of meat
    12 | D        | Noticed a bag of meat
    12 | D        | Killed a bag of meat
    12 | D        | Acquired Makhleb's second power
    12 | D        | Reached skill level 20 in Axes
    12 | D        | Reached XP level 14. HP: 114/132 MP: 10/10
    13 | D        | Noticed a bag of meat
    13 | D        | Killed a meat berserker
    13 | D        | Reached skill level 15 in Fighting
    13 | D        | Reached skill level 21 in Axes
    13 | D        | Killed a bag of meat
    13 | D        | Acquired Makhleb's third power
    13 | D        | Reached skill level 22 in Axes
    13 | D        | Reached XP level 15. HP: 140/143 MP: 11/11
    13 | D        | Killed a bag of meat
    13 | D        | Reached skill level 23 in Axes
    14 | D        | Noticed a bag of meat
    14 | D        | Noticed a bag of meat
    14 | D        | Killed a bag of meat
    14 | D        | Reached skill level 24 in Axes
    15 | D        | Noticed a meat berserker
    15 | D        | Noticed a bag of meat
    15 | D        | Killed a bag of meat
    15 | D        | Acquired Makhleb's fourth power
    15 | D        | Reached skill level 25 in Axes
    15 | D        | Reached XP level 16. HP: 153/156 MP: 11/11
    18 | D        | Noticed a bag of meat
    18 | D        | Killed a bag of meat
    20 | D        | Killed a large bag of meat
    20 | D        | Reached skill level 26 in Axes
    21 | D        | Noticed a destroyer
    21 | D        | Killed a bag of meat
    21 | D        | Acquired Makhleb's fifth power
    21 | D        | Reached skill level 27 in Axes
    22 | D        | Noticed a meat berserker
    22 | D        | Noticed a large bag of meat
    23 | D        | Killed a bag of meat
    23 | D        | Reached skill level 15 in Throwing
    23 | D        | Reached XP level 17. HP: 132/171 MP: 12/12
    23 | D        | Killed a bag of meat
    23 | D        | Reached skill level 27 in Dodging
    24 | D        | Noticed a bag of meat
    24 | D        | Killed a destroyer
    24 | D        | Killed a bag of meat
    25 | D        | Noticed a bag of meat
    26 | D        | Noticed a bag of meat
    26 | D        | Killed a meat berserker
    26 | D        | Reached skill level 27 in Fighting
    26 | D        | Reached XP level 18. HP: 193/199 MP: 13/13
    26 | D        | Killed a meat berserker
    28 | D        | Killed a large bag of meat
    28 | D        | Killed a bag of meat
    29 | D        | Killed a bag of meat
    29 | D        | Killed a bag of meat
    30 | D        | Killed a bag of meat
    30 | D        | Reached XP level 19. HP: 195/206 MP: 13/13
    31 | D        | Noticed a meat berserker
    31 | D        | Noticed a destroyer
    31 | D        | Noticed an eight-headed meat hydra
    32 | D        | Killed a bag of meat
    32 | D        | Reached skill level 27 in Armour
    32 | D        | Killed a bag of meat
    32 | D        | Reached skill level 15 in Invocations
    34 | D        | Noticed a destroyer
    35 | D        | Killed a bag of meat
    36 | D        | Noticed an eight-headed meat hydra
    37 | D        | Noticed a bag of meat
    37 | D        | Killed a destroyer
    40 | D        | Killed a meat berserker
    40 | D        | Reached XP level 20. HP: 215/215 MP: 14/40
    41 | D        | Killed a nine-headed meat hydra
    41 | D        | Reached skill level 27 in Invocations
    41 | D        | Reached skill level 5 in Spellcasting
    42 | D        | Noticed a sculptor of flesh
    42 | D        | Noticed a destroyer
    42 | D        | Noticed a destroyer
    42 | D        | Noticed a meat berserker
    43 | D        | Noticed a meat berserker
    43 | D        | Noticed a meat berserker
    43 | D        | Killed a bag of meat
    45 | D        | Noticed a sculptor of flesh
    45 | D        | Killed a destroyer
    46 | D        | Noticed a bag of meat
    47 | D        | Killed a destroyer
    48 | D        | Killed a meat berserker
    49 | D        | Noticed a meat berserker
    49 | D        | Killed a destroyer
    49 | D        | Killed a meat berserker
    49 | D        | Reached XP level 21. HP: 223/223 MP: 16/45
    51 | D        | Noticed a meat berserker
    52 | D        | Noticed a destroyer
    52 | D        | Killed a sculptor of flesh
    53 | D        | Killed a meat berserker
    53 | D        | Reached skill level 27 in Spellcasting
    53 | D        | Reached skill level 5 in Stealth
    53 | D        | Killed a sculptor of flesh
    54 | D        | Noticed a meat berserker
    54 | D        | Noticed an accursed
    54 | D        | Killed an accursed
    54 | D        | Lost intelligence.
    55 | D        | Noticed a bag of meat
    55 | D        | Noticed a bag of meat
    56 | D        | Noticed a destroyer
    56 | D        | Noticed a bag of meat
    56 | D        | Noticed a destroyer
    57 | D        | Noticed an accursed
    57 | D        | Mangled by a meat berserker

Action                   |  1- 3 |  4- 6 |  7- 9 | 10-12 | 13-15 | 16-18 | 19-21 || total
-------------------------+-------+-------+-------+-------+-------+-------+-------++-------
Melee: Executioner's axe |     1 |       |       |     1 |     4 |     9 |    14 ||    29
